 Dungeon Crawl Stone Soup version 0.20.1-1-g8b1a95d66d (webtiles) character file.

156 Gargoyl the Skirmisher (level 5, 0/46 HPs)
             Began as a Centaur Abyssal Knight on Dec 6, 2017.
             Was a Follower of Lugonu.
             Killed from afar by Ijyb (12 damage)
             ... with a wand of acid (?/15)
             ... on level 3 of the Dungeon.
             The game lasted 00:03:47 (2339 turns).

Gargoyl the Skirmisher (Centaur Abyssal Knight)     Turns: 2339, Time: 00:03:47

Health: 0/46       AC:  7    Str: 15    XL:     5   Next: 14%
Magic:  7/7        EV:  2    Int: 11    God:    Lugonu [*.....]
Gold:   185        SH:  0    Dex:  9    Spells: 4/4 levels left

rFire    . . .     SeeInvis .   l - +0 war axe
rCold    . . .     Gourm    .   (no shield)
rNeg     . . .     Faith    .   d - +0 plate armour
rPois    .         Spirit   .   (no helmet)
rElec    .         Reflect  .   (no cloak)
rCorr    .         Harm     .   e - +1 pair of gloves
MR       .....                  (no barding)
Stlth    ..........             (no amulet)
Regen    0.2/turn               (no ring)
MPRegen  0.1/turn               (no ring)

@: lethally poisoned (0 -> -1), corroded, very quick
A: hooves 3, deformed body, speed 2, tough skin 3
a: Depart the Abyss, Renounce Religion


You were on level 3 of the Dungeon.
You worshipped Lugonu.
Lugonu was aware of your devotion.
You were not hungry.

You visited 1 branch of the dungeon, and saw 3 of its levels.
You visited the Abyss 1 time.

You collected 185 gold pieces.

Inventory:

Hand Weapons
 a - a +1 hand axe
 l - a +0 war axe (weapon)
Armour
 d - a +0 plate armour (worn)
 e - a +1 pair of gloves (worn)
Scrolls
 h - a scroll of random uselessness {unknown}
 i - a scroll of enchant armour {unknown}
Potions
 b - a potion of flight {unknown}
 f - 2 potions of mutation {unknown}
 j - 4 potions of curing {unknown}
 m - a potion of brilliance {unknown}
Books
 g - a book of Misfortune

   Spells                             Type                      Level
   a - Confusing Touch                Hexes                        1
   b - Confuse                        Hexes                        3
   c - Gell's Gravitas                Translocation                3
   d - Petrify                        Transmutation/Earth          4
   e - Metabolic Englaciation         Hexes/Ice                    5
   f - Yara's Violent Unravelling     Hexes/Transmutation          5
Comestibles
 c - 4 bread rations
 k - 3 royal jellies


   Skills:
 + Level 3.7 Fighting
 + Level 3.0 Axes
 * Level 2.4 Armour
 + Level 0.7 Dodging
 * Level 3.1 Invocations


You had 4 spell levels left.
You didn't know any spells.

Dungeon Overview and Level Annotations

Branches:
Dungeon (3/15)

Altars:

Annotations:
D:3 Ijyb


Innate Abilities, Weirdness & Mutations

You have hooves in place of feet.
Armour fits poorly on your strangely shaped body.
You cover ground very quickly.
You have extremely tough skin. (AC +3)


Message History

An adder and Ijyb come into view.
Ijyb shouts!
The adder hisses angrily.
Found 17 gold pieces.
There is a stone staircase leading up here.
You closely miss the adder. The adder bites you.
You are poisoned.
The adder poisons you! The adder bites you but does no damage.
Your plate armour prevents you from hitting the adder.
You feel sick. The adder bites you but does no damage.
Ijyb screams, "I cut your head off!" The adder bites you but does no damage.
You barely miss the adder. Your kick misses the adder.
The adder bites you but does no damage.
Ijyb zaps a wand.
The bolt of acid hits you! The acid corrodes you!
You are splashed with acid!
The acid burns!
* * * LOW HITPOINT WARNING * * *
It is a wand of acid (?/15).
The adder bites you but does no damage.
You barely miss the adder. Your kick misses the adder.
You feel sick.
Ijyb zaps a wand.
The bolt of acid hits you!
You die...

#. #. # #.
#.##.###
.......########
##.##g.......$..
........<.#
#.####@#.# #S#.#
#.#.# #.#.#
...#. ..# # ###


You could see Ijyb and an adder.

Vanquished Creatures
  Natasha (thrice) (D:2)
  3 adders (D:2)
  2 oozes
  A dart slug (D:1)
  2 leopard geckos (D:1)
  5 bats (D:1)
  A giant cockroach (D:1)
  7 hobgoblins
  A quokka (D:2)
  A frilled lizard (D:2)
  11 goblins
  4 kobolds
  5 rats
46 creatures vanquished.

Notes
Turn   | Place    | Note
-------+----------+-------------------------------------------
     0 | Abyss:1  | Gargoyl the Centaur Abyssal Knight began the quest for the Orb.
     0 | Abyss:1  | Reached XP level 1. HP: 19/19 MP: 2/2
    55 | Abyss:2  | Found a corrupted altar of Lugonu.
    85 | Abyss:2  | Noticed an ancient zyme
   126 | Abyss:2  | Noticed a ynoxinul
   132 | Abyss:2  | Noticed a tentacled starspawn
   134 | Abyss:2  | Noticed a neqoxec
   134 | Abyss:2  | Noticed a snapping turtle zombie
   138 | D:1      | Escaped the Abyss
   507 | D:1      | Reached XP level 2. HP: 26/26 MP: 3/3
   661 | D:1      | Reached * piety under Lugonu
   980 | D:1      | Reached XP level 3. HP: 29/31 MP: 4/4
  1637 | D:2      | Noticed Natasha
  1644 | D:2      | Killed Natasha
  1644 | D:2      | Reached XP level 4. HP: 23/38 MP: 4/6
  1845 | D:2      | Found a faded altar of an unknown god.
  1882 | D:2      | Noticed Natasha
  1894 | D:2      | Killed Natasha
  2016 | D:2      | Noticed Natasha
  2022 | D:2      | Killed Natasha
  2022 | D:2      | Reached XP level 5. HP: 42/45 MP: 7/7
  2334 | D:3      | Noticed Ijyb
  2339 | D:3      | Killed from afar by Ijyb

Skill      XL: |  1  2  3  4 |
---------------+-------------+-----
Axes           | 2 3 |  3.0
Armour         | 2 |  2.4
Invocations    | 3 |  3.1
Fighting       | |  3.7
Dodging        | |  0.7

Action                   |  1- 3 |  4- 6 || total
-------------------------+-------+-------++-------
Melee: Hand axe          |    58 |       ||    58
       Kick              |    14 |     8 ||    22
       War axe           |    21 |    44 ||    65
Invok: Depart the Abyss  |     1 |       ||     1
  Use: Scroll            |     6 |       ||     6
       Potion            |     1 |       ||     1
  Eat: Chunk             |     1 |     2 ||     3
Armor: Plate armour      |    90 |    49 ||   139
Dodge: Dodged            |     6 |     7 ||    13
